 Dungeon Crawl Stone Soup version 0.25-a0-413-g3b4b6a4ccc (webtiles) character file.

Game seed: 15997477119222141354, levelgen mode: deterministic

340 Alfie the Shooter (level 6, 0/47 HPs)
             Began as a Human Hunter on Jan 17, 2020.
             Slain by an orc wizard
             ... wielding a +0 dagger
              (2 damage)
             ... on level 4 of the Dungeon.
             The game lasted 00:13:45 (3134 turns).

Alfie the Shooter (Human Hunter)                    Turns: 3134, Time: 00:13:45

Health: 0/47       AC:  4    Str: 14    XL:     6   Next: 87%
Magic:  6/6        EV: 12    Int: 11    God:
Gold:   235        SH:  4    Dex: 14    Spells: 5/5 levels left

rFire    . . .     SeeInvis .   i - +2 dagger (venom)
rCold    . . .     Gourm    .   (no shield)
rNeg     . . .     Faith    .   c - +1 leather armour
rPois    .         Spirit   .   (no helmet)
rElec    .         Reflect  +   (no cloak)
rCorr    .         Harm     .   (no gloves)
MR       .....                  (no boots)
Stlth    ++........             l - +4 amulet of reflection
HPRegen  0.15/turn              (no ring)
MPRegen  0.10/turn              (no ring)

@: no status effects
A: no striking features
a: no special abilities


You were on level 4 of the Dungeon.
You were not hungry.

You visited 1 branch of the dungeon, and saw 4 of its levels.

You collected 235 gold pieces.

Inventory:

Hand Weapons
 a - a +2 shortbow
 b - a +0 short sword
 i - a +2 dagger of venom (weapon)
Missiles
 d - 38 arrows
Armour
 c - a +1 leather armour (worn)
Jewellery
 l - a +4 amulet of reflection (around neck)
 r - an uncursed ring of ice {unknown}
Scrolls
 g - a scroll of identify
 h - a scroll of immolation
 o - a scroll of enchant weapon
 p - 3 scrolls of amnesia {unknown}
 s - 2 scrolls of magic mapping {unknown}
 t - a scroll of fear
Potions
 m - a potion of agility {unknown}
 n - a potion of haste {unknown}
 q - a potion of heal wounds {unknown}
Comestibles
 f - 5 rations


   Skills:
 + Level 3.3 Fighting
 + Level 0.1 Short Blades
 + Level 6.5 Bows
 + Level 2.0 Armour
 + Level 2.3 Dodging
 + Level 1.3 Stealth


You had 5 spell levels left.
You didn't know any spells.
Your spell library contained the following spells:

 Spells                   Type           Power        Failure   Level  Hunger
 Magic Dart               Conj           #...         41%         1    ##.....


Dungeon Overview and Level Annotations

Branches:
Dungeon (4/15)
 Temple: D:4-7

Altars:
Dithmenos
Elyvilon
Kikubaaqudgha
Sif Muna
Uskayaw
Vehumet


Message History

You are confused.
The orc warrior closely misses you.
You're too confused to move!
The orc warrior closely misses you.
You bump into the rock wall.
The orc wizard hits you with a +0 dagger.
You bump into the rock wall.
The orc wizard looks more healthy.
The orc warrior hits you but does no damage.
The orc wizard hits you with a +0 dagger.
* * * LOW HITPOINT WARNING * * *
The orc warrior hits you with a +0 scimitar!
* * * LOW HITPOINT WARNING * * *
You feel less confused.
The orc wizard gestures at you while chanting.
You resist with some effort.
There is an escape hatch in the ceiling here.
You hit the orc warrior but do no damage.
The orc warrior looks even sicker.
The orc warrior is heavily wounded.
The orc wizard hits you with a +0 dagger.
You die...

#§≈...............##.#...
#§≈......##......#.##....
#§§.............#.#......
##≈≈.......##...##....... ... ..#
##§≈......##..#......... #..
..########.....##............ ...
...#.... ###...............). ..#
#......# #.>...............
..###..##..# ##@................
#..#..###.#####oo................
#.....##.....#..#####........#...
..........(((..)#####.####...#...
....)...##..##.<##...?# #..<....
..._...####..#####....## #.......
........##...##.##.....###.#.....
.............#......._...........
#.....##....#....###.....##......


You could see an orc warrior and an orc wizard.

Vanquished Creatures
  A phantom (D:4)
  An ogre (D:4)
  A hound (D:4)
  An orc wizard (D:4)
  2 worker ants (D:4)
  An adder (D:4)
  An ooze (D:2)
  2 worms
  2 dart slugs
  2 leopard geckos
  3 orcs
  3 bats
  4 giant cockroaches
  4 goblins
  2 hobgoblins
  A quokka (D:3)
  6 frilled lizards
  5 kobolds
  7 rats
49 creatures vanquished.

Notes
Turn   | Place    | Note
-------+----------+-------------------------------------------
     0 | D:1      | Alfie the Human Hunter began the quest for the Orb.
     0 | D:1      | Reached XP level 1. HP: 16/16 MP: 1/1
   207 | D:1      | Reached XP level 2. HP: 21/22 MP: 2/2
   799 | D:2      | Found a faded altar of an unknown god.
   896 | D:2      | Reached XP level 3. HP: 10/27 MP: 3/3
  1659 | D:3      | Found a radiant altar of Vehumet.
  1659 | D:3      | Found an ancient bone altar of Kikubaaqudgha.
  1661 | D:3      | Found a shimmering blue altar of Sif Muna.
  1667 | D:3      | Identified Vehumet's Tome of Attacks
  1712 | D:3      | Found a hide-covered altar of Uskayaw.
  2091 | D:3      | Reached XP level 4. HP: 33/33 MP: 4/4
  2608 | D:4      | Found a shadowy altar of Dithmenos.
  2613 | D:4      | Reached skill level 5 in Bows
  2648 | D:4      | Found a white marble altar of Elyvilon.
  2713 | D:4      | Reached skill level 1 in Armour
  2781 | D:4      | Noticed a phantom
  2810 | D:4      | Noticed an ogre
  2818 | D:4      | Killed an ogre
  2818 | D:4      | Reached XP level 5. HP: 21/39 MP: 5/5
  2829 | D:4      | Reached skill level 6 in Bows
  2829 | D:4      | Reached XP level 6. HP: 10/46 MP: 6/6
  2836 | D:4      | Killed a phantom
  3074 | D:4      | Noticed an orc warrior
  3132 | D:4      | HP: 2/47 [orc warrior/+0 scimitar (13)]
  3134 | D:4      | Slain by an orc wizard

Levels and vault maps discovered:
D:1:      eino_arrival_water_star, layout_basic, chequers_serial_rivers_large_a
D:2:      layout_loops_corners, chequers_ecumenical_altar_island
D:3:      layout_basic, grunt_temple_overflow_magic_moments, lemuel_doored_altar
D:4:      layout_cave_pools, kennysheep_little_box,
          nicolae_dithmenos_shadow_blocks, nicolae_overflow_crystal_walls,
          first_ration, minmay_misc_feat_secret_circle, nrook_uturn,
          kennysheep_nub, okawaru_altar_gauntlet_db

Skill      XL: |  1  2  3  4  5  6 |
---------------+-------------------+-----
Bows           | 5 6 |  6.5
Armour         | 1 2 |  2.0
Fighting       | 3 |  3.3
Short Blades   | |  0.1
Dodging        | |  2.3
Stealth        | |  1.3

Action                   |  1- 3 |  4- 6 || total
-------------------------+-------+-------++-------
Melee: Dagger            |    18 |     7 ||    25
 Fire: Shortbow          |    83 |    71 ||   154
  Use: Scroll            |     7 |     2 ||     9
       Potion            |       |     4 ||     4
  Eat: Ration            |     1 |     1 ||     2
Armor: Leather armour    |    11 |     9 ||    20
Dodge: Dodged            |    25 |    29 ||    54
Block: Other             |     4 |     5 ||     9
       Reflection        |       |     1 ||     1

Table legend:
 A = Non-vault XP
 B = Vault XP
 C = Vault XP percentage of total XP
 D = Non-vault monster count
 E = Vault monster count
 F = Vault count percentage of total count
                 A         B        C        D         E       F
            +---------+---------+-------+---------+---------+-------
      Total |     487 |       0 |   0.0 |      49 |       0 |   0.0
            +---------+---------+-------+---------+---------+-------
        D:1 |      18 |       0 |   0.0 |      10 |       0 |   0.0
        D:2 |      24 |       0 |   0.0 |      12 |       0 |   0.0
        D:3 |      31 |       0 |   0.0 |      16 |       0 |   0.0
        D:4 |     414 |       0 |   0.0 |      11 |       0 |   0.0
            +---------+---------+-------+---------+---------+-------
